 Dungeon Crawl Stone Soup version 0.18-b1-17-g3aa4875 (webtiles) character file.

1380 Icer the Basher (level 8, -11/92 HPs)
             Began as an Ogre Berserker on May 2, 2016.
             Was an Elder of Trog.
             Mangled by an ice beast (14 damage)
             ... on level 5 of the Dungeon.
             The game lasted 00:21:24 (4470 turns).

Icer the Basher (Ogre Berserker)                    Turns: 4470, Time: 00:21:24

Health: -11/92     AC:  5    Str: 24    XL:     8   Next: 66%
Magic:  8/8        EV: 11    Int:  6    God:    Trog [****..]
Gold:   275        SH:  0    Dex: 10    Spells: 0 memorised, 7 levels left

rFire  . . .     SeeInvis .     a - +0 mace
rCold  . . .     Gourm    .     b - +0 animal skin
rNeg   . . .     Faith    .     (no shield)
rPois  +         Spirit   .     (helmet restricted)
rElec  .         Dismiss  .     x - +1 cloak
rCorr  .         Reflect  .     (gloves unavailable)
SustAt .         Harm     .     (boots unavailable)
MR     ++...                    (no amulet)
Stlth  +.........               (no ring)
                                k - ring of poison resistance

@: lethally poisoned (-11 -> -11), exhausted, regenerating, slowed, very slow,
very resistant to hostile enchantments, very unstealthy
A: unfitting armour, tough skin 1
a: Berserk, Trog's Hand, Brothers in Arms, Burn Spellbooks, Renounce Religion


You were on level 5 of the Dungeon.
You worshipped Trog.
Trog was greatly pleased with you.
You were hungry.

You visited 1 branch of the dungeon, and saw 5 of its levels.

You collected 275 gold pieces.

Inventory:

Hand Weapons
 a - a +0 mace (weapon)
 p - a +0 flail
 w - a +0 giant club
Armour
 b - a +0 animal skin (worn)
 x - a +1 cloak (worn)
Jewellery
 k - a ring of poison resistance (left hand)
Wands
 z - a wand of flame (34/48)
Scrolls
 d - 3 scrolls of remove curse
 f - a scroll of blinking {unknown}
 i - 2 scrolls of enchant armour
 u - a scroll of enchant weapon {unknown}
 v - a scroll of magic mapping {unknown}
 y - a scroll of noise {unknown}
 A - a scroll of fear {unknown}
 B - a scroll of teleportation {unknown}
Potions
 e - a potion of resistance {unknown}
 g - a potion of might {unknown}
 h - 3 potions of berserk rage
 l - a potion of ambrosia {unknown}
 m - a potion of haste {unknown}
 n - 2 potions of brilliance
 o - a potion of invisibility {unknown}
 q - 2 potions of flight {unknown}
 r - a potion of cancellation {unknown}
 s - a potion of degeneration {unknown}
Comestibles
 c - 4 bread rations
 j - 6 fruits
 t - a meat ration


   Skills:
 * Level 9.4 Fighting
 * Level 9.6 Maces & Flails
 + Level 4.6 Dodging
 - Level 1.0 Stealth


You had 7 spell levels left.
You didn't know any spells.

Dungeon Overview and Level Annotations

Branches:
Dungeon (5/15)
 Temple: D:4-7

Altars:
Ashenzari
Fedhas
Gozag
Okawaru
Ru
Xom


Innate Abilities, Weirdness & Mutations

You are too large for most types of armour.
You have tough skin (AC +1).


Message History

The slug dart hits you!
* * * LOW HITPOINT WARNING * * *
The ice beast hits you.
* * * LOW HITPOINT WARNING * * *
The ice beast freezes you!
* * * LOW HITPOINT WARNING * * *
The scorpion barely misses you. The dart slug bites you.
* * * LOW HITPOINT WARNING * * *
You sock the scorpion!
You kill the scorpion!
Trog accepts your kill. The ice beast hits you.
* * * LOW HITPOINT WARNING * * *
The ice beast freezes you.
* * * LOW HITPOINT WARNING * * *
The howler monkey hoots and howls with incredible vigour!
The ice beast hits you.
* * * LOW HITPOINT WARNING * * *
The ice beast freezes you!
You die...

#.. #.........#
#.. #....$....###
##..
.............
########...
..#....h....
...........
...........#
...#####...
[..........#
#.........
........w..#
#######...
#....Y@.$# #.#.
#....)$$$# ##.##
#.....$_$# #..##
#.....$$$#
###....
#........#
#####......
#######..#
##.......#..
#..###..###......
#...>....##...#..
#........##...#..


You could see an ice beast, a howler monkey and a dart slug.

Vanquished Creatures
  Eustachio (D:4)
  A sky beast (D:4)
  3 ogres (D:4)
  A centaur (D:5)
  3 scorpions
  The ghost of Crastinus the Covered, a weakling MiFi of Zin (D:3)
  2 howler monkeys
  A crimson imp (D:5)
  A giant frog zombie (D:5)
  2 hounds (D:4)
  2 centaur skeletons (D:5)
  A giant frog skeleton (D:5)
  3 orc wizards (D:5)
  2 worker ants
  A hound skeleton (D:5)
  8 adders
  A shadow imp (D:5)
  2 worms
  3 dart slugs
  2 giant geckos
  9 orcs
  4 ball pythons
  3 giant cockroaches
  6 goblins
  14 hobgoblins
  9 jackals
  A quokka (D:2)
  5 bats
  7 giant newts
  14 kobolds
  5 rats
118 creatures vanquished.

Notes
Turn   | Place    | Note
--------------------------------------------------------------
     0 | D:1      | Icer the Ogre Berserker began the quest for the Orb.
     0 | D:1      | Reached XP level 1. HP: 24/24 MP: 1/1
    87 | D:1      | Reached XP level 2. HP: 16/33 MP: 2/2
   521 | D:1      | Reached ** piety under Trog
   524 | D:1      | Reached XP level 3. HP: 26/40 MP: 3/3
   744 | D:1      | Reached skill level 5 in Maces & Flails
   872 | D:2      | Found a shattered altar of Ashenzari.
   914 | D:2      | Reached skill level 5 in Fighting
  1076 | D:2      | Found a blossoming altar of Fedhas.
  1162 | D:2      | Found a sacrificial altar of Ru.
  1184 | D:2      | Reached XP level 4. HP: 24/50 MP: 4/4
  2141 | D:3      | Reached *** piety under Trog
  2553 | D:3      | Noticed Crastinus's ghost (weakling MiFi)
  2562 | D:3      | Killed Crastinus's ghost
  2562 | D:3      | Reached skill level 1 in Stealth
  2562 | D:3      | Reached XP level 5. HP: 59/59 MP: 5/5
  3183 | D:4      | Noticed Eustachio
  3185 | D:4      | Found a shimmering altar of Xom.
  3198 | D:4      | Killed Eustachio
  3198 | D:4      | Reached XP level 6. HP: 21/68 MP: 6/6
  3453 | D:4      | Reached XP level 7. HP: 72/78 MP: 7/7
  3932 | D:5      | Entered Level 5 of the Dungeon
  3942 | D:5      | Reached XP level 8. HP: 88/88 MP: 8/8
  4215 | D:5      | Reached **** piety under Trog
  4235 | D:5      | Found an iron altar of Okawaru.
  4438 | D:5      | Found an opulent altar of Gozag.
  4470 | D:5      | HP: 4/92 [ice beast (5)]
  4470 | D:5      | Mangled by an ice beast

Skill      XL: |  1  2  3  4  5  6  7  8 |
---------------+-------------------------+-----
Maces & Flails | 5 6 7 8 9 |  9.6
Fighting       | 5 6 7 8 9 |  9.4
Stealth        | 1 |  1.0
Dodging        | 3 4 |  4.6

Action                   |  1- 3 |  4- 6 |  7- 9 || total
-------------------------+-------+-------+-------++-------
Melee: Mace              |   106 |   171 |   122 ||   399
Invok: Berserk           |       |     3 |     4 ||     7
       Trog's Hand       |       |     1 |     3 ||     4
  Use: Scroll            |       |       |     4 ||     4
 Stab: Sleeping          |     1 |       |       ||     1
  Eat: Bread ration      |     1 |     1 |       ||     2
       Fruit             |       |     2 |       ||     2
       Pizza             |       |     1 |     1 ||     2
       Chunk             |       |       |     2 ||     2
       Beef jerky        |       |       |     2 ||     2
Armor: Animal skin       |    32 |    46 |    62 ||   140
Dodge: Dodged            |    61 |    98 |   118 ||   277
